 Dungeon Crawl Stone Soup version 0.22-a0-877-g5c4e1afb51 (webtiles) character file.

52 AIAndy the Insei (level 3, -1/24 HPs)
             Began as an Octopode Transmuter on July 29, 2018.
             Slain by an adder (3 damage)
             ... on level 2 of the Dungeon.
             The game lasted 00:06:04 (926 turns).

AIAndy the Insei (Octopode Transmuter)               Turns: 926, Time: 00:06:05

Health: -1/24      AC:  1    Str:  9    XL:     3   Next: 85%
Magic:  4/6        EV: 13    Int: 16    God:
Gold:   65         SH:  0    Dex: 12    Spells: 0/6 levels left

rFire    . . .     SeeInvis .     - Unarmed
rCold    . . .     Gourm    .   (no shield)
rNeg     . . .     Faith    .   (helmet restricted)
rPois    .         Spirit   .   A - amulet of harm
rElec    .         Reflect  .   (no ring)
rCorr    .         Harm     +   (no ring)
MR       .....                  (no ring)
Stlth    ++........             (no ring)
HPRegen  0.08/turn              (no ring)
MPRegen  0.10/turn              (no ring)
                                (no ring)
                                (no ring)

@: lethally poisoned (-1 -> -8), appendage (expiring)
A: almost no armour, stealthy swim, amphibious, 8 rings, constrict 8, tentacle
spike 3, camouflage 1, gelatinous body 1
a: End Transformation


You were on level 2 of the Dungeon.
You were hungry.
One of your tentacles had a temporary spike.
You visited 1 branch of the dungeon, and saw 2 of its levels.

You collected 65 gold pieces.


Innate Abilities, Weirdness & Mutations

You cannot wear most types of armour.
You are very stealthy in the water. (Stealth+)
You are amphibious.
You can wear up to eight rings at the same time.
You can use your tentacles to constrict eight enemies at once.
Your skin changes colour to match your surroundings (Stealth+).
Your rubbery body absorbs attacks. (AC +1, EV +1)
One of your tentacles bears a large vicious spike.


   Skills:
 - Level 2.0 Fighting
 - Level 2.0 Dodging
 + Level 3.6 Unarmed Combat
 - Level 2.0 Spellcasting
 + Level 2.9 Transmutations


You couldn't memorise any spells.
You knew the following spells:

 Your Spells              Type           Power        Failure   Level  Hunger
e - Beastly Appendage     Tmut           ##....       6%          1    #......
i - Spider Form           Tmut/Pois      #.........   34%         3    ###....
t - Sticks to Snakes      Tmut           ##......     10%         2    ###....

Your spell library contained the following spells:

 Spells                   Type           Power        Failure   Level  Hunger
 Blade Hands              Tmut           ##........   86%         5    ######.
 Ice Form                 Ice/Tmut       #.......     75%         4    #####..

Inventory:

Missiles
 a - 11 arrows
 e - 34 stones (quivered)
Jewellery
 A - an amulet of harm (around mantle)
Scrolls
 f - 2 scrolls of magic mapping {unknown}
 g - 2 scrolls of remove curse {unknown}
 h - 2 scrolls of identify {unknown}
 j - a scroll of immolation {unknown}
Potions
 d - 2 potions of haste {unknown}
 i - a potion of invisibility {unknown}
Comestibles
 b - 8 chunks of flesh
 c - a ration {@e1}

Dungeon Overview and Level Annotations

Branches:
Dungeon (2/15)

Altars:
Okawaru

......... #.....# ........#
#...... ........# #......
......... ##...#. ........# ..
#...#. ........########.%..
#..... ####.............#
##..▒.. ............r#####
#..▒▒▒. ........†S..gS@..# #.▒
▒▒ %............###.# #..▒▒+.
.▓▓...▓▓..(..+ #.# ### #..▒..
▓.... ▓.g...###.#####.# #....
....⚑........##.......<# #....
.▓.....▓.....##.)..###'####.##.
▓▓...▓▓.....##....##.......###
.. ..######....##.......#
#....##.......#


You could see an adder, a quokka, 2 hobgoblins and a friendly ball python.


Message History

You are feeling hungry.
Your transformation is almost over.
The adder bites you.
You are poisoned.
The adder poisons you! The frilled lizard bites you.
You feel sick. The frilled lizard closely misses you.
Your ball python bites the adder.
Your ball python barely misses the adder.
The adder bites you.
* * * LOW HITPOINT WARNING * * *
You are more poisoned.
The adder poisons you! The hobgoblin hits you with a club.
* * * LOW HITPOINT WARNING * * *
A hobgoblin comes into view.
* * * LOW HITPOINT WARNING * * *
You feel sick.
Your ball python misses the adder.
Your ball python completely misses the adder.
* * * LOW HITPOINT WARNING * * *
You feel sick.
Your ball python completely misses the frilled lizard.
Your ball python grabs the frilled lizard.
Your ball python constricts the frilled lizard.
The frilled lizard struggles to escape constriction.
Your ball python bites the frilled lizard.
The frilled lizard dies!
* * * LOW HITPOINT WARNING * * *
You feel sick.
* * * LOW HITPOINT WARNING * * *
You feel sick. The adder bites you.
You die...

Skill      XL: |  1  2  3 |
---------------+----------+-----
Fighting       | 2 |  2.0
Dodging        | |  2.0
Unarmed Combat | |  3.6
Spellcasting   | |  2.0
Transmutations | |  2.9

Action                   || total
-------------------------++-------
Melee: Unarmed           ||    72
       Constrict         ||    18
       Punch             ||     3
       Kick              ||    13
       Tentacles         ||     7
 Cast: Beastly Appendage ||    18
       Sticks to Snakes  ||     1
 Stab: Sleeping          ||    10
Armor: Skin              ||     3
Dodge: Dodged            ||    46

Vault maps used:
D:1:      denvon_arrival_waterhouse
D:2:      okawaru_gym_becter, tso_oasis_becter,
          nicolae_gozag_cash_rules_everything_around_me

Notes
Turn   | Place    | Note
-------+----------+-------------------------------------------
     0 | D:1      | AIAndy the Octopode Transmuter began the quest for the Orb.
     0 | D:1      | Reached XP level 1. HP: 13/13 MP: 3/3
   103 | D:1      | Reached XP level 2. HP: 15/18 MP: 3/5
   107 | D:1      | Learned a level 2 spell: Sticks to Snakes
   321 | D:1      | Reached XP level 3. HP: 21/24 MP: 6/6
   339 | D:1      | Learned a level 3 spell: Spider Form
   717 | D:2      | Reached skill level 2 in Fighting
   915 | D:2      | Found an iron altar of Okawaru.
   926 | D:2      | HP: 2/24 [poisoned by an adder]
   926 | D:2      | Slain by an adder

Vanquished Creatures
  An adder (D:2)
  3 dart slugs
  2 leopard geckos (D:1)
  A ball python (D:1)
  3 bats (D:1)
  4 giant cockroaches (D:1)
  3 goblins
  2 hobgoblins (D:1)
  3 frilled lizards (D:1)
  3 kobolds
  10 rats
35 creatures vanquished.

Vanquished Creatures (collateral kills)
  A frilled lizard (D:2)
1 creature vanquished.

Grand Total: 36 creatures vanquished

Table legend:
 A = Turns spent in this place as a percentage of turns spent in the entire game.
 B = Non-inter-level travel turns spent in this place as a percentage of non-inter-level travel turns spent in the entire game.
 C = Inter-level travel turns spent in this place as a percentage of turns spent in this place.
 D = Turns resting spent in this place as a percentage of non-inter-level travel turns spent in this place.
 E = Turns spent auto-exploring this place as a percentage of non-inter-level travel turns spent in this place.
 F = Non-inter-level travel turns spent in this place divided by the number of levels of this place that you've seen.
                   A       B       C       D       E      F
               +-------+-------+-------+-------+-------+----------------------
         Total | 100.0 | 100.0 |   1.1 |  10.3 |  61.9 | 458.0
       Dungeon | 100.0 | 100.0 |   1.1 |  10.3 |  61.9 | 458.0
               +-------+-------+-------+-------+-------+----------------------

Table legend:
 A = Spawn XP
 B = Non-spawn XP
 C = Spawn XP percentage of total XP
 D = Spawn monster count
 E = Non-spawn monster count
 F = Spawn count percentage of total count
 G = Total turns spent on level
                    A         B        C        D         E        F      G
               +---------+---------+-------+---------+---------+-------+---------
         Total |       0 |      75 |   0.0 |       0 |      36 |   0.0 |   926
               +---------+---------+-------+---------+---------+-------+---------
           D:1 |       0 |      51 |   0.0 |       0 |      29 |   0.0 |   706
           D:2 |       0 |      24 |   0.0 |       0 |       7 |   0.0 |   220
               +---------+---------+-------+---------+---------+-------+---------
